 Dungeon Crawl Stone Soup version 0.16.2-12-gd0ad4c3 (webtiles) character file.

75 Peloso the Covered (level 4, -5/40 HPs)
             Began as a Minotaur Fighter on Oct 10, 2015.
             Slain by Vex's ghost (10 damage)
             ... on level 3 of the Dungeon.
             The game lasted 00:07:51 (1685 turns).

Peloso the Covered (Minotaur Fighter)               Turns: 1685, Time: 00:07:51

Health: -5/40      AC:  7    Str: 26    XL:     4   Next: 11%
Magic:  2/2        EV:  8    Int:  5    God:
Gold:   91         SH: 10    Dex: 10    Spells: 0 memorised, 3 levels left

rFire  x . .     SeeInvis .     a - +0 long sword
rCold  + . .     Clarity  .     b - +0 scale mail
rNeg   . . .     SustAb   .     c - +0 shield
rPois  .         Gourm    .     (helmet restricted)
rElec  .         Spirit   .     (no cloak)
rCorr  .         Warding  .     (no gloves)
rMut   .         Stasis   .     (no boots)
MR     .....                    (no amulet)
Stlth  ..........               n - ring of ice
                                (no ring)

@: mighty, not resistant to hostile enchantments, extremely unstealthy
A: retaliatory headbutt, horns 2
a: no special abilities


You were on level 3 of the Dungeon.
You were hungry.

You visited 1 branch of the dungeon, and saw 3 of its levels.

You collected 91 gold pieces.

Inventory:

Hand weapons
 a - a +0 long sword (weapon)
Armour
 b - a +0 scale mail (worn)
 c - a +0 shield (worn)
Jewellery
 n - a ring of ice (right hand)
Magical devices
 k - a wand of disintegration (12)
Scrolls
 f - 2 scrolls of identify {unknown}
 g - a scroll of remove curse
Potions
 e - 2 potions of might
 j - 3 potions of heal wounds {unknown}
 l - a potion of invisibility {unknown}
 o - a potion of magic {unknown}
Comestibles
 d - 2 bread rations
 h - a royal jelly
 m - a fruit


   Skills:
 + Level 4.3 Fighting
 + Level 2.8 Long Blades
 + Level 4.6 Armour
 + Level 0.7 Dodging
 + Level 4.3 Shields


You had 3 spell levels left.
You didn't know any spells.

Dungeon Overview and Level Annotations

Branches:
Dungeon (3/15)

Altars:
Fedhas
Xom

Annotations:
D:3 Vex's ghost, average TrMo


Innate Abilities, Weirdness & Mutations

You reflexively headbutt those who attack you in melee.
You have a pair of horns on your head.


Message History

Vex's ghost is lightly damaged.
Vex's ghost hits you!
Your shield and scale mail prevent you from hitting Vex's ghost.
Vex's ghost is lightly damaged.
Vex's ghost hits you. You block Vex's ghost's attack.
You closely miss Vex's ghost.
Vex's ghost is lightly damaged.
Vex's ghost hits you.
You hit Vex's ghost.
Vex's ghost is lightly damaged.
Vex's ghost hits you!
Drink which item? (? for menu, Esc to quit)
You feel very mighty all of a sudden. Vex's ghost hits you!
* * * LOW HITPOINT WARNING * * *
You slash Vex's ghost!
Vex's ghost is moderately damaged.
Vex's ghost hits you but does no damage.
Vex's ghost hits you!
You die...

#...............###.
#...............#...
#...............#.## . ..
#####.................#.
....###.))...............#.##.
.....#...#####.....#...........
.........# ########...#......
.........############.#......##
..............@W........##.#.#
#.........#########..######.#.##
..........#######..<## ..#...
.##.###..###......### #####
#.......###### # ......#######
..####


You could see Vex's ghost.

Vanquished Creatures
  A giant mite (D:2)
  A worm (D:2)
  3 giant geckos
  An ooze (D:3)
  7 orcs (D:3)
  7 bats
  7 hobgoblins
  7 jackals
  3 kobolds
  3 giant cockroaches (D:1)
  3 giant newts
  A goblin (D:1)
  6 rats
  3 toadstools (D:1)
53 creatures vanquished.

Vanquished Creatures (others)
  A toadstool (D:1)
1 creature vanquished.

Grand Total: 54 creatures vanquished

Notes
Turn   | Place    | Note
--------------------------------------------------------------
     0 | D:1      | Peloso, the Minotaur Fighter, began the quest for the Orb.
     0 | D:1      | Reached XP level 1. HP: 19/19 MP: 1/1
   332 | D:1      | Reached XP level 2. HP: 27/27 MP: 1/1
   343 | D:1      | Reached skill level 4 in Armour
   776 | D:2      | Reached XP level 3. HP: 26/33 MP: 2/2
   905 | D:2      | Found a shimmering altar of Xom.
   906 | D:2      | Found a shimmering altar of Xom.
   922 | D:2      | Found a shimmering altar of Xom.
   923 | D:2      | Found a shimmering altar of Xom.
  1162 | D:3      | Found a blossoming altar of Fedhas.
  1427 | D:3      | Reached XP level 4. HP: 12/40 MP: 2/2
  1668 | D:3      | Noticed Vex's ghost (average TrMo)
  1685 | D:3      | Slain by Vex's ghost

Action                   |  1- 3 |  4- 6 || total
-------------------------+-------+-------++-------
Melee: Long sword        |   104 |    17 ||   121
  Use: Scroll            |     2 |       ||     2
       Potion            |       |     1 ||     1
  Eat: Chunk             |     2 |       ||     2
